PR
PHOENIX HOTSPUR ACADEMY @ SURPRISE SHOCKERS
08/17/2033
 
TOP OF THE 1ST
Phoenix Hotspur Academy batting - Pitching for Surprise Shockers : LHP Alan Halsall
Pitching: LHP Alan Halsall
Batting: RHB Paco González 0-0: Ball
1-0: Called Strike
1-1: Foul Ball, location: 2F
1-2: Ball
2-2: Strikes out swinging
Batting: LHB Keith York 0-0: Ball
1-0: Foul Ball, location: 2F
1-1: Ground out U3 (Groundball, 3L)
Batting: RHB Brit Davis 0-0: Called Strike
0-1: Ball
1-1: Ball
2-1: Foul Ball, location: 2F
2-2: Ball
3-2: Foul Ball, location: 2F
3-2: Fly out, F7 (Line Drive, 7)
Top of the 1st over - 0 runs, 0 hits, 0 errors, 0 left on base; Phoenix 0 - Surprise 0
BOTTOM OF THE 1ST
Surprise Shockers batting - Pitching for Phoenix Hotspur Academy : RHP Luis Bruno
Pitching: RHP Luis Bruno
Batting: LHB Arto Toikka 0-0: Foul Ball, location: 2F
0-1: Ball
1-1: Called Strike
1-2: Strikes out swinging
Batting: RHB Paul Prichard 0-0: Foul Ball, location: 2F
0-1: Foul Ball, location: 2F
0-2: Strikes out swinging
Batting: RHB George Mota 0-0: Called Strike
0-1: Called Strike
0-2: Strikes out swinging
Bottom of the 1st over - 0 runs, 0 hits, 0 errors, 0 left on base; Phoenix 0 - Surprise 0
TOP OF THE 2ND
Phoenix Hotspur Academy batting - Pitching for Surprise Shockers : LHP Alan Halsall
Batting: RHB Jonathon Newman 0-0: Called Strike
0-1: Ball
1-1: Called Strike
1-2: Foul Ball, location: 2F
1-2: Foul Ball, location: 2F
1-2: Ball
2-2: Ground out 4-3 (Groundball, 4)
Batting: LHB Juan Hernández 0-0: Fly out, F7 (Flyball, 78S)
Batting: RHB Nathan Pruitt 0-0: Foul Ball, location: 2F
0-1: Ball
1-1: Ball
2-1: Swinging Strike
2-2: Foul Ball, location: 2F
2-2: Foul Ball, location: 2F
2-2: Ball
3-2: Reached on error, E5 (Groundball, 5)
Batting: RHB Frank Ray 0-0: Ground out 1-3 (Groundball, P)
Top of the 2nd over - 0 runs, 0 hits, 1 error, 1 left on base; Phoenix 0 - Surprise 0
BOTTOM OF THE 2ND
Surprise Shockers batting - Pitching for Phoenix Hotspur Academy : RHP Luis Bruno
Batting: LHB Lao Tian 0-0: Ball
1-0: Ground out 5-3 (Groundball, 5)
Batting: RHB Esteban León 0-0: Foul Ball, location: 2F
0-1: Ball
1-1: Foul Ball, location: 2F
1-2: Ball
2-2: Fly out, F9 (Flyball, 89M)
Batting: RHB Quinn Lynch 0-0: Ball
1-0: SINGLE (Groundball, 6MD)
Batting: SHB Mick Chaundy 0-0: Ball
1-0: Called Strike
1-1: Foul Ball, location: 2F
1-2: SINGLE (Flyball, 8RS)
Quinn Lynch to second
Runner from 2nd tries for 3rd, SAFE, no throw
Batting: RHB Charles Titmus 0-0: Ball
1-0: Foul Ball, location: 2F
1-1: Called Strike
1-2: Ball
2-2: Ground out 1-3 (Groundball, P)
Bottom of the 2nd over - 0 runs, 2 hits, 0 errors, 2 left on base; Phoenix 0 - Surprise 0
TOP OF THE 3RD
Phoenix Hotspur Academy batting - Pitching for Surprise Shockers : LHP Alan Halsall
Batting: RHB Jesse McCoy 0-0: Fly out, F7 (Flyball, 78M)
Batting: RHB Felipe Hernández 0-0: SINGLE (Groundball, 6MD)
Batting: RHB Paco González 0-0: Called Strike
0-1: Foul Ball, location: 2F
0-2: Strikes out looking
Batting: LHB Keith York 0-0: Swinging Strike
0-1: Ball
1-1: Foul Ball, location: 2F
1-2: Ball
2-2: Fly out, F7 (Flyball, 7)
Top of the 3rd over - 0 runs, 1 hit, 0 errors, 1 left on base; Phoenix 0 - Surprise 0
BOTTOM OF THE 3RD
Surprise Shockers batting - Pitching for Phoenix Hotspur Academy : RHP Luis Bruno
Batting: RHB Júlio Francisco 0-0: Ball
1-0: SINGLE (Flyball, 7S)
Batting: LHB Arto Toikka 0-0: Ball
1-0: Swinging Strike
1-1: Called Strike
1-2: Strikes out swinging
Batting: RHB Paul Prichard 0-0: Called Strike
0-1: Swinging Strike
0-2: Ball
Júlio Francisco steals 2nd base
1-2: SINGLE (Line Drive, 78S)
Júlio Francisco to third
Batting: RHB George Mota 0-0: Ball
1-0: Called Strike
1-1: SINGLE (Groundball, 56D)
Júlio Francisco scores
Paul Prichard to second
Batting: LHB Lao Tian 0-0: Ball
1-0: Ball
2-0: Ball
3-0: Base on Balls
Paul Prichard to third
George Mota to second
Batting: RHB Esteban León 0-0: Called Strike
0-1: Ball
1-1: Called Strike
1-2: Foul Ball, location: 2F
1-2: Ball
2-2: Foul Ball, location: 2F
2-2: Ball
3-2: Base on Balls
Paul Prichard scores
George Mota to third
Lao Tian to second
Batting: RHB Quinn Lynch 0-0: Ball
1-0: SINGLE (Line Drive, 34D)
George Mota scores
Lao Tian to third
Esteban León to second
Runner from 3rd tries for Home, SAFE, throw made home
Batting: SHB Mick Chaundy 0-0: Ball
1-0: Ball
2-0: Ball
3-0: Base on Balls
Esteban León to third
Quinn Lynch to second
Batting: RHB Charles Titmus 0-0: Ball
1-0: Called Strike
1-1: Ball
2-1: Ground out 4-3 (Groundball, 4S)
Esteban León scores
Quinn Lynch to third
Mick Chaundy to second
Batting: RHB Júlio Francisco 0-0: Ball
1-0: Foul Ball, location: 2F
1-1: Foul Ball, location: 2F
1-2: SINGLE (Line Drive, 7S)
Quinn Lynch scores
Mick Chaundy to third
Runner from 3rd tries for Home, SAFE, no throw
Batting: LHB Arto Toikka 0-0: Foul Ball, location: 2F
0-1: Called Strike
0-2: Strikes out swinging
Bottom of the 3rd over - 7 runs, 5 hits, 0 errors, 1 left on base; Phoenix 0 - Surprise 7
TOP OF THE 4TH
Phoenix Hotspur Academy batting - Pitching for Surprise Shockers : LHP Alan Halsall
Batting: RHB Brit Davis 0-0: Swinging Strike
0-1: DOUBLE (Line Drive, 7LD)
Batting: RHB Jonathon Newman 0-0: Fly out, F8 (Flyball, 8RM)
Batting: LHB Juan Hernández 0-0: Foul Ball, location: 2F
0-1: Called Strike
0-2: Fly out, F8 (Line Drive, 78D)
Batting: RHB Nathan Pruitt 0-0: Ball
1-0: Ball
2-0: Called Strike
2-1: Swinging Strike
2-2: Fly out, F6 (Popup, 6M)
Top of the 4th over - 0 runs, 1 hit, 0 errors, 1 left on base; Phoenix 0 - Surprise 7
BOTTOM OF THE 4TH
Surprise Shockers batting - Pitching for Phoenix Hotspur Academy : RHP Luis Bruno
Batting: RHB Paul Prichard 0-0: Foul Ball, location: 2F
0-1: Ball
1-1: Ball
2-1: Swinging Strike
2-2: Ball
3-2: Strikes out looking
Batting: RHB George Mota 0-0: Ball
1-0: Ball
2-0: Ball
3-0: Foul Ball, location: 2F
3-1: Called Strike
3-2: Foul Ball, location: 2F
3-2: Strikes out swinging
Batting: LHB Lao Tian 0-0: Ball
1-0: Foul Ball, location: 2F
1-1: Ball
2-1: Ball
3-1: Foul Ball, location: 2F
3-2: Strikes out looking
Bottom of the 4th over - 0 runs, 0 hits, 0 errors, 0 left on base; Phoenix 0 - Surprise 7
TOP OF THE 5TH
Phoenix Hotspur Academy batting - Pitching for Surprise Shockers : LHP Alan Halsall
Batting: RHB Frank Ray 0-0: Swinging Strike
0-1: Ball
1-1: Swinging Strike
1-2: Foul Ball, location: 2F
1-2: Foul Ball, location: 2F
1-2: Foul Ball, location: 2F
1-2: Strikes out swinging
Batting: RHB Jesse McCoy 0-0: Foul Ball, location: 2F
0-1: Ball
1-1: Foul Ball, location: 2F
1-2: DOUBLE (Line Drive, 89D)
Batting: RHB Felipe Hernández 0-0: Swinging Strike
0-1: Ball
1-1: Swinging Strike
1-2: Foul Ball, location: 2F
1-2: Ball
2-2: Foul Ball, location: 2F
2-2: Strikes out swinging
Batting: RHB Paco González 0-0: Fly out, F9 (Flyball, 9D)
Top of the 5th over - 0 runs, 1 hit, 0 errors, 1 left on base; Phoenix 0 - Surprise 7
BOTTOM OF THE 5TH
Surprise Shockers batting - Pitching for Phoenix Hotspur Academy : RHP Luis Bruno
Batting: RHB Esteban León 0-0: SOLO HOME RUN (Line Drive, 9LD), Distance : 346 ft
Batting: RHB Quinn Lynch 0-0: Ball
1-0: Foul Ball, location: 2F
1-1: Ground out 4-3 (Groundball, 4)
Batting: SHB Mick Chaundy 0-0: Swinging Strike
0-1: Ball
1-1: Swinging Strike
1-2: Ball
2-2: Foul Ball, location: 2F
2-2: Strikes out swinging
Batting: RHB Charles Titmus 0-0: Foul Ball, location: 2F
0-1: Foul Ball, location: 2F
0-2: Ball
1-2: Strikes out swinging
Bottom of the 5th over - 1 run, 1 hit, 0 errors, 0 left on base; Phoenix 0 - Surprise 8
TOP OF THE 6TH
Phoenix Hotspur Academy batting - Pitching for Surprise Shockers : LHP Alan Halsall
Batting: LHB Keith York 0-0: Ball
1-0: Foul Ball, location: 2F
1-1: Ball
2-1: Ball
3-1: Called Strike
3-2: Fly out, F8 (Flyball, 8RS)
Batting: RHB Brit Davis 0-0: Ball
1-0: Ball
2-0: Fly out, F9 (Flyball, 9S)
Batting: RHB Jonathon Newman 0-0: SINGLE (Line Drive, 56D)
Batting: LHB Juan Hernández 0-0: Foul Ball, location: 2F
0-1: Ball
Wild Pitch!
Jonathon Newman to second
1-1: Foul Ball, location: 2F
1-2: Ball
2-2: DOUBLE (Flyball, 78D)
Jonathon Newman scores
Batting: RHB Nathan Pruitt 0-0: Ball
1-0: Called Strike
1-1: Ball
2-1: Called Strike
2-2: Strikes out swinging
Top of the 6th over - 1 run, 2 hits, 0 errors, 1 left on base; Phoenix 1 - Surprise 8
BOTTOM OF THE 6TH
Surprise Shockers batting - Pitching for Phoenix Hotspur Academy : RHP Luis Bruno
Batting: RHB Júlio Francisco 0-0: Called Strike
0-1: Fly out, F3 (Popup, 3F)
Batting: LHB Arto Toikka 0-0: Ball
1-0: Ball
2-0: Called Strike
2-1: Called Strike
2-2: SOLO HOME RUN (Flyball, 9D), Distance : 378 ft
Pitching: LHP Raúl Vázquez
Batting: RHB Paul Prichard 0-0: Ball
1-0: Ball
2-0: Called Strike
2-1: Swinging Strike
2-2: Strikes out looking
Batting: RHB George Mota 0-0: Called Strike
0-1: Swinging Strike
0-2: Ball
1-2: Ball
2-2: Foul Ball, location: 2F
2-2: Ball
3-2: Foul Ball, location: 2F
3-2: Ground out 6-3 (Groundball, 56)
Bottom of the 6th over - 1 run, 1 hit, 0 errors, 0 left on base; Phoenix 1 - Surprise 9
TOP OF THE 7TH
Phoenix Hotspur Academy batting - Pitching for Surprise Shockers : LHP Alan Halsall
Batting: RHB Frank Ray 0-0: Ground out 6-3 (Groundball, 6)
Batting: RHB Jesse McCoy 0-0: Swinging Strike
0-1: Foul Ball, location: 2F
0-2: Ball
1-2: Ball
2-2: Foul Ball, location: 2F
2-2: Foul Ball, location: 2F
2-2: Strikes out looking
Batting: RHB Felipe Hernández 0-0: Ball
1-0: SINGLE (Groundball, 6MD)
Batting: RHB Paco González 0-0: Reached on error, E6 (Groundball, 6)
Felipe Hernández to second
Batting: LHB Keith York 0-0: Foul Ball, location: 2F
0-1: Swinging Strike
0-2: Ball
1-2: Foul Ball, location: 2F
1-2: Fly out, F6 (Popup, 56D)
Top of the 7th over - 0 runs, 1 hit, 1 error, 2 left on base; Phoenix 1 - Surprise 9
BOTTOM OF THE 7TH
Surprise Shockers batting - Pitching for Phoenix Hotspur Academy : LHP Raúl Vázquez
Batting: LHB Lao Tian 0-0: Ball
1-0: Ball
2-0: Foul Ball, location: 2F
2-1: Called Strike
2-2: Ball
3-2: Strikes out swinging
Batting: RHB Esteban León 0-0: Ball
1-0: Called Strike
1-1: Foul Ball, location: 2F
1-2: Foul Ball, location: 2F
1-2: Ball
2-2: Hit by Pitch
Batting: RHB Quinn Lynch 0-0: Foul Ball, location: 2F
0-1: Ball
1-1: Called Strike
1-2: Foul Ball, location: 2F
1-2: SINGLE (Flyball, 9S)
Esteban León to second
Runner from 2nd tries for 3rd, SAFE, no throw
Batting: SHB Mick Chaundy 0-0: Ball
1-0: Foul Ball, location: 2F
1-1: Ball
2-1: SINGLE (Flyball, 89M)
Esteban León scores
Quinn Lynch to second
Batting: RHB Charles Titmus 0-0: SINGLE (Groundball, 6D)
Quinn Lynch to third
Mick Chaundy to second
Batting: RHB Júlio Francisco 0-0: Called Strike
0-1: Foul Ball, location: 2F
0-2: Ball
1-2: Ball
2-2: Strikes out swinging
Batting: LHB Arto Toikka 0-0: Ground out 4-3 (Groundball, 4)
Bottom of the 7th over - 1 run, 3 hits, 0 errors, 3 left on base; Phoenix 1 - Surprise 10
TOP OF THE 8TH
Phoenix Hotspur Academy batting - Pitching for Surprise Shockers : LHP Alan Halsall
Batting: RHB Brit Davis 0-0: Fly out, F6 (Line Drive, 6)
Batting: RHB Jonathon Newman 0-0: Ball
1-0: Ball
2-0: Ball
3-0: Called Strike
3-1: Ground out 5-3 (Groundball, 56)
Batting: LHB Juan Hernández 0-0: Foul Ball, location: 2F
0-1: Called Strike
0-2: Ball
1-2: Foul Ball, location: 2F
1-2: Ball
2-2: Fly out, F5 (Popup, 5F)
Top of the 8th over - 0 runs, 0 hits, 0 errors, 0 left on base; Phoenix 1 - Surprise 10
BOTTOM OF THE 8TH
Surprise Shockers batting - Pitching for Phoenix Hotspur Academy : LHP Raúl Vázquez
Batting: RHB Paul Prichard 0-0: Swinging Strike
0-1: Ball
1-1: Ball
2-1: Foul Ball, location: 2F
2-2: Fly out, F9 (Flyball, 89S)
Batting: RHB George Mota 0-0: Called Strike
0-1: Foul Ball, location: 2F
0-2: SINGLE (Flyball, 78S)
Batting: LHB Lao Tian 0-0: Ball
1-0: Ball
2-0: Ball
3-0: Called Strike
3-1: Foul Ball, location: 2F
3-2: Fly out, F8 (Flyball, 78D)
Batting: RHB Esteban León 0-0: Called Strike
0-1: Ground out U3 (Groundball, 3)
Bottom of the 8th over - 0 runs, 1 hit, 0 errors, 1 left on base; Phoenix 1 - Surprise 10
TOP OF THE 9TH
Phoenix Hotspur Academy batting - Pitching for Surprise Shockers : LHP Alan Halsall
Batting: RHB Nathan Pruitt 0-0: Ball
1-0: Ball
2-0: Foul Ball, location: 2F
2-1: Foul Ball, location: 2F
2-2: Foul Ball, location: 2F
2-2: Strikes out looking
Batting: RHB Frank Ray 0-0: Called Strike
0-1: SINGLE (Flyball, 9LM)
Pitching: RHP Vítor Paiva
Batting: RHB Jesse McCoy 0-0: Called Strike
0-1: Ball
1-1: Foul Ball, location: 2F
1-2: Foul Ball, location: 2F
1-2: Foul Ball, location: 2F
1-2: Ball
2-2: Foul Ball, location: 2F
2-2: Foul Ball, location: 2F
Balk!
Frank Ray to second
2-2: Strikes out looking
Batting: RHB Felipe Hernández 0-0: Called Strike
0-1: Ball
1-1: Ball
2-1: Ball
3-1: Base on Balls
Batting: RHB Paco González 0-0: SINGLE (Flyball, 78M)
Frank Ray to third
Felipe Hernández to second
Batting: LHB Keith York 0-0: Ball
1-0: Ground out U3 (Groundball, 34)
Top of the 9th over - 0 runs, 2 hits, 0 errors, 3 left on base; Phoenix 1 - Surprise 10
Saturday, December 22nd, 2018 - OOTP Baseball 18.8 Build 76